 Dungeon Crawl Stone Soup version 0.30.1-9-gdf580d7c3d (webtiles) character file.

Game seed: 2365845797846565375

159203 Ijustatesigmund the Geomancer (level 17, -18/106 HPs)
             Began as a Gargoyle Earth Elementalist on Oct 20, 2023.
             Was the Champion of Cheibriados.
             Demolished by a jorogumo simulacrum (33 damage)
             ... on level 2 of the Spider Nest on Oct 23, 2023.
             The game lasted 01:43:27 (35112 turns).

Ijustatesigmund the Geomancer (GrEE)               Turns: 35112, Time: 01:43:28

Health: -18/106    AC: 23    Str: 31    XL:     17   Next: 73%
Magic:  2/33       EV: 14    Int: 46    God:    Cheibriados [******]
Gold:   1620       SH:  7    Dex: 28    Spells: 21/40 levels left

rFire   + . .        R - +8 demon whip (venom)
rCold   . . .        L - +0 buckler of Impatience {rElec rF+ Int+3}
rNeg    + . .        a - +3 troll leather armour "Ojigh" {rElec Regen+}
rPois   ∞            q - +2 hat
rElec   +            K - +2 cloak
rCorr   +            h - +0 pair of fencer's gloves {Riposte Dex+3}
SInv    .            (no boots)
Will    +....        t - amulet of Qociv {Regen+ Str+5 Int+3}
Stlth   +++          C - +4 ring of slaying
HPRegen 1.97/turn    E - ring of resist corrosion
MPRegen 0.23/turn

%: no passive effects
@: corroded, flying, studying Maces & Flails, very slow
A: sickness immunity, AC +12, big wings, negative energy resistance 1,
electricity resistance, torment resistance 1, petrification resistance
a: Renounce Religion, Bend Time, Temporal Distortion, Slouch, Step From Time


You were on level 2 of the Spider Nest.
You worshipped Cheibriados.
Cheibriados was exalted by your worship.
You visited 5 branches of the dungeon, and saw 25 of its levels.
You also visited: Gauntlet.

You collected 2678 gold pieces.
You spent 1058 gold pieces at shops.

Inventory:

Hand Weapons
 k - a +4 morningstar of holy wrath
 R - a +8 demon whip of venom (weapon)
Missiles
 P - 3 throwing nets
Armour
 a - the +3 troll leather armour "Ojigh" (worn) {rElec Regen+}
   (You found it on level 11 of the Dungeon)

   rElec:     It insulates you from electricity.
   Regen:     It increases your rate of health regeneration.
 h - the +0 pair of fencer's gloves (worn) {Riposte Dex+3}
   (You acquired it on level 13 of the Dungeon)

   Riposte:   It allows the wearer to riposte with melee weapons, swiftly
   retaliating against missed or blocked melee attacks.
   Dex:       It affects your dexterity (+3).
 q - a +2 hat (worn)
 K - a +2 cloak (worn)
 L - the +0 buckler of Impatience (worn) {rElec rF+ Int+3}
   (You bought it in a shop on level 2 of the Dungeon)

   Int:       It affects your intelligence (+3).
   rF:        It protects you from fire.
   rElec:     It insulates you from electricity.
Magical Staves
 G - a staff of earth
Jewellery
 g - a ring of willpower
 r - a +4 ring of protection
 t - the amulet of Qociv (around neck) {Regen+ Str+5 Int+3}
   (You found it in a Gauntlet)

   [amulet of regeneration]

   Str:       It affects your strength (+5).
   Int:       It affects your intelligence (+3).
   Regen:     It increases your rate of health regeneration.
 v - a ring of magical power
 C - a +4 ring of slaying (left hand)
 E - a ring of resist corrosion (right hand)
 F - a ring of protection from cold
 N - a ring of positive energy
Wands
 u - a wand of digging (8)
 y - a wand of light (8)
 A - a wand of mindburst (17)
 B - a wand of charming (3)
 D - a wand of iceblast (15)
 J - a wand of flame (48)
Scrolls
 c - 3 scrolls of teleportation
 d - 8 scrolls of amnesia
 f - 2 scrolls of fog
 l - a scroll of brand weapon
 n - a scroll of summoning
 s - a scroll of silence
 w - 2 scrolls of torment
 x - 8 scrolls of identify
 z - 3 scrolls of immolation
 I - 3 scrolls of poison
 T - a scroll of enchant armour
 U - 2 scrolls of magic mapping
Potions
 b - 4 potions of magic
 e - 4 potions of cancellation
 i - 4 potions of might
 j - 3 potions of curing
 m - 3 potions of attraction
 o - 3 potions of brilliance
 p - 4 potions of lignification
 M - a potion of resistance {unknown}
 Q - 2 potions of mutation
Miscellaneous
 O - a condenser vane
 S - a phantom mirror


   Skills:
 - Level 11.8 Fighting
 - Level 14.3 Maces & Flails
 - Level 8.1 Armour
 + Level 3.5 Dodging
 - Level 2.1 Stealth
 - Level 5.3 Shields
 + Level 12.2 Spellcasting
 + Level 13.5 Conjurations
 - Level 4.2 Necromancy
 - Level 4.0 Translocations
 - Level 0.7 Transmutations
 + Level 14.9 Earth Magic
 - Level 11.4 Invocations
 - Level 1.2 Evocations


You had 21 spell levels left.
You knew the following spells:

 Your Spells              Type           Power      Damage    Failure   Level
a - Sandblast             Erth           100%       2d20      0%          1
b - Stone Arrow           Conj/Erth      100%       3d13      0%          3
c - Borgnjor's Vile Clut  Necr/Erth      43%        N/A       1%          5
d - Petrify               Tmut/Erth      79%        N/A       1%          4
e - Blink                 Tloc           100%       N/A       1%          2
f - Iskenderun's Mystic   Conj/Tloc      83%        2d16      1%          4

Your spell library contained the following spells:

 Spells                   Type           Power      Damage    Failure   Level
 Passwall                 Tmut/Erth      65%        N/A       1%          2
 Vhi's Electric Charge    Tloc/Air       92%        N/A       1%          3
 Volatile Blastmotes      Fire/Tloc      92%        2d17      1%          3
 Animate Dead             Necr           61%        N/A       1%          4
 Fulminant Prism          Conj/Hex       37%        3d17      1%          4
 Arcjolt                  Conj/Air       37%        1d47      1%          5
 Lee's Rapid Deconstruct  Erth           52%        3d25*     1%          5
 Manifold Assault         Tloc           60%        N/A       2%          4
 Ozocubu's Armour         Ice            28%        N/A       3%          3
 Anguish                  Hex/Necr       23%        N/A       4%          4
 Cause Fear               Hex            14%        N/A       12%         4
 Death Channel            Necr           30%        N/A       30%         6
 Metabolic Englaciation   Hex/Ice        14%        N/A       32%         5
 Dispersal                Tloc           30%        N/A       34%         6
 Simulacrum               Ice/Necr       23%        N/A       58%         6
 Enfeeble                 Hex            14%        N/A       100%        7
 Storm Form               Tmut/Air       15%        N/A       100%        7
 Disjunction              Tloc           30%        N/A       100%        8
 Maxwell's Capacitive Co  Air            14%        ∞         100%        8


Dungeon Overview and Level Annotations

Branches:
Dungeon (15/15)            Temple (1/1) D:4            Lair (5/5) D:11
 Shoals (0/4) Lair:3       Spider (2/4) Lair:3        Slime (0/5) Lair:5
    Orc (2/2) D:11            Elf (0/3) Orc:2        Vaults (0/5) D:14
 Depths (0/4) D:15        Gauntlet (visited)

Altars:
Ashenzari
Cheibriados
Dithmenos
Elyvilon
Fedhas
Gozag
Hepliaklqana
Kikubaaqudgha
Makhleb
Nemelex Xobeh
Okawaru
Qazlal
Ru
Sif Muna
Trog
Uskayaw
Vehumet
Wu Jian
Xom
Yredelemnul
Zin
The Shining One
Jiyva

Shops:
D:2 [   D:5 *   D:9 ?   Orc:2 (:[*!

Annotations:
D:12 2 transporters, Uvvog's ghost, journeyman GnNe
Spider:2 Arachne


Innate Abilities, Weirdness & Mutations

You are immune to sickness and miasma.
Your stone body is resilient. (AC +12)
You are immune to poison.
Your large and strong wings let you fly.
You resist negative energy. (rN+)
You are resistant to electric shocks. (rElec)
You are resistant to unholy torment.
You are immune to petrification.


Message History

Your surroundings suddenly seem different.
Your surroundings seem slightly different.
Found a staff of earth.
The jumping spider leaps!
The entropy weaver casts a spell at you.
You see here a +0 pair of gloves.
Cheibriados thoroughly appreciates the change of pace.
You feel a bit more experienced.
The tarantella touches you but does no damage.
The tarantella closely misses you.
You see here an amulet of guardian spirit.
You thrash the tarantella!!
The tarantella looks as sick as possible!
The tarantella is almost dead.
You kill the tarantella!
Cheibriados thoroughly appreciates the change of pace.
The entropy weaver points at you and mumbles some strange words.
The entropic weave corrodes you!
The entropy weaver hits you but does no damage. x4
You see here a tarantella corpse.
You completely miss the jorogumo simulacrum.
The jorogumo simulacrum is almost destroyed.
You block the entropy weaver's attack.
The entropy weaver hits you but does no damage.
The entropy weaver closely misses you.
The entropy weaver hits you but does no damage.
The jorogumo simulacrum hits you!
* * * LOW HITPOINT WARNING * * *
The jorogumo simulacrum freezes you!!
* * * LOW HITPOINT WARNING * * *
You feel much better.
The entropy weaver hits you but does no damage.
The entropy weaver hits you!
* * * LOW HITPOINT WARNING * * *
The entropy weaver hits you but does no damage.
The entropy weaver hits you.
* * * LOW HITPOINT WARNING * * *
The jorogumo simulacrum hits you!
* * * LOW HITPOINT WARNING * * *
The jorogumo simulacrum freezes you!!
You die...

..............$.
..........§.†....
^.........^......
#^.#........)..[.
#######.....H...<.....
##..|..##.....ss..#....
#......##..s..†Z..?....
#.......#..B..§....##..
#."@#....†H#†....^
##[ZB........$.^.#
##..s.....†....^.#
#...^#............
###?##..#####.....
##^....^ ..... #......
... #.##^.. .. ###


You could see an entropy weaver, a culicivora and a jorogumo simulacrum.

Vanquished Creatures
  Saint Roka (Orc:2)
  Jorgrun (Orc:2)
  Gastronok (D:12)
  Donald (Spider:2)
  An orc warlord (Orc:1)
  2 very ugly things (D:15)
  Nessos (Orc:2)
  Azrael (D:13)
  A minotaur (Gauntlet)
  3 jiangshi (D:14)
  Josephine (D:12)
  A fire dragon (D:10)
  An ettin (shapeshifter) (D:11)
  2 entropy weavers
  Harold (Orc:1)
  4 vault guards (D:14)
  8 hydras
  An ogre mage (D:11)
  Erica (D:11)
  Erolcha (D:10)
  2 radroaches (Spider:1)
  3 jorogumos (Spider:2)
  2 catoblepae
  4 two-headed ogres
  8 boulder beetles
  9 centaur warriors
  3 tengu warriors
  3 death yaks (Lair:5)
  A deep troll shaman (Lair:5)
  3 orc high priests
  A vampire mage (D:14)
  A soul eater (Gauntlet)
  Amaemon (D:8)
  A skyshark (Lair:5)
  A pharaoh ant (Spider:2)
  5 skeletal warriors (D:13)
  3 sixfirhies (Gauntlet)
  A glowing orange brain (D:15)
  A wizard (D:14)
  Pikel (D:4)
  A deep troll (Lair:3)
  3 orb spiders
  A deep elf pyromancer (D:11)
  A steelbarb worm (Lair:3)
  7 orc knights
  8 cyclopes
  5 orc sorcerers
  11 ugly things
  7 wolf spiders
  4 manticores
  22 elephants
  Maurice (D:12)
  3 black mambas
  2 torpor snails
  An orange demon (D:8)
  Psyche (D:8)
  An eye of devastation (shapeshifter) (D:13)
  Maggie (D:6)
  A gargoyle (D:14)
  8 rime drakes
  8 cane toads
  6 komodo dragons
  4 yaktaurs
  A kobold demonologist (D:11)
  2 tengu conjurers (D:14)
  An efreet (D:15)
  6 trolls
  A meliai (shapeshifter) (D:10)
  A wind drake (shapeshifter) (D:14)
  14 tarantellas
  2 polar bears
  18 jumping spiders
  19 dream sheep
  4 shadows
  19 slime creatures
  A water elemental (D:15)
  5 vampires
  5 culicivoras
  26 yaks
  4 wyverns
  A yak (shapeshifter) (D:15)
  4 basilisks
  5 wraiths
  Eustachio (D:5)
  21 redbacks
  3 fire elementals (D:12)
  6 wargs
  A steam dragon (D:7)
  13 vampire mosquitoes
  Edmund (D:6)
  An acid dragon (D:11)
  16 water moccasins
  4 hell hounds (D:12)
  28 orc warriors
  An ice beast (D:8)
  6 black bears
  8 ogres
  2 sky beasts (D:6)
  16 centaurs
  17 wolves
  2 lemures
  A phantom (D:6)
  3 kobold brigands
  12 bullfrogs
  3 scorpions (D:6)
  Blork the orc (D:6)
  3 gnoll sergeants
  4 killer bees
  9 howler monkeys
  An electric eel (Lair:4)
  10 orc priests
  6 jellies
  A sleepcap (D:8)
  3 hounds
  Crazy Yiuf (D:6)
  2 iguanas
  Ijyb (D:5)
  13 orc wizards
  17 gnolls
  8 adders
  4 shadow imps (Gauntlet)
  A white imp (D:6)
  2 ufetubi
  2 dart slugs
  58 orcs
  5 ball pythons
  2 bats
  4 endoplasms
  3 giant cockroaches
  7 goblins
  4 hobgoblins
  4 jackals (D:1)
  A quokka (D:2)
  5 frilled lizards
  18 kobolds
  5 rats
705 creatures vanquished.

Vanquished Creatures (collateral kills)
  A water moccasin (D:7)
1 creature vanquished.

Vanquished Creatures (others)
  2 slime creatures (D:12)
  An orc warrior (Orc:2)
  2 orcs
5 creatures vanquished.

Grand Total: 711 creatures vanquished

Notes
Turn   | Place    | Note
-------+----------+-------------------------------------------
     0 | D:1      | Ijustatesigmund the Gargoyle Earth Elementalist began the
                  | quest for the Orb.
     0 | D:1      | Reached XP level 1. HP: 10/10 MP: 3/3
    98 | D:1      | You fall into a shaft and drop 1 floor!
   556 | D:1      | Reached XP level 2. HP: 16/16 MP: 3/5
   608 | D:1      | Reached skill level 1 in Fighting
   981 | D:1      | Reached XP level 3. HP: 20/20 MP: 4/6
  1378 | D:2      | Found Waboq's Antique Armour Emporium.
  1813 | D:2      | Reached XP level 4. HP: 14/26 MP: 8/8
  1874 | D:2      | Learned a level 3 spell: Stone Arrow
  2122 | D:3      | Noticed an ogre
  2318 | D:3      | Reached skill level 1 in Conjurations
  2428 | D:3      | Killed an ogre
  2429 | D:3      | Reached skill level 1 in Maces & Flails
  2429 | D:3      | Reached skill level 5 in Earth Magic
  2429 | D:3      | Reached XP level 5. HP: 22/30 MP: 2/9
  2691 | D:3      | Found a faded altar of an unknown god.
  2948 | D:3      | Reached XP level 6. HP: 30/35 MP: 11/11
  3162 | D:4      | Found a staircase to the Ecumenical Temple.
  3405 | D:4      | Identified the +4 spear of Bisumiukk {flame, rF- Will++
                  | Dex+3 Stlth+}
  4590 | D:2      | Bought an embroidered robe for 81 gold pieces
  4679 | D:5      | Entered Level 5 of the Dungeon
  4681 | D:5      | Noticed Pikel
  4991 | D:5      | Noticed Eustachio
  4996 | D:5      | Noticed a black bear
  5004 | D:4      | Killed Pikel
  5005 | D:4      | Reached skill level 5 in Conjurations
  5005 | D:4      | Reached XP level 7. HP: 22/40 MP: 0/13
  5005 | D:4      | Reached XP level 8. HP: 24/44 MP: 0/14
  5182 | D:5      | Killed Eustachio
  5463 | D:5      | Noticed Ijyb
  5470 | D:5      | Killed Ijyb
  5545 | D:5      | Found Illazyne's Fire Supplies.
  6197 | D:5      | Identified the +7 hand axe "Zuafips" {flame, Fly}
  6502 | D:6      | Reached skill level 5 in Spellcasting
  6562 | D:6      | Found a runed translucent door.
  6563 | D:6      | Noticed Crazy Yiuf
  6568 | D:6      | Killed Crazy Yiuf
  6687 | D:2      | Bought an ancient buckler for 209 gold pieces
  6687 | D:2      | Identified the +0 buckler of Impatience {rElec rF+ Int+3}
                  | (You bought it in a shop on level 2 of the Dungeon)
  6800 | D:6      | Noticed Edmund
  6806 | D:6      | Killed Edmund
  6807 | D:6      | Reached skill level 1 in Shields
  6948 | D:6      | Found a sacrificial altar of Ru.
  6981 | D:6      | Reached XP level 9. HP: 51/51 MP: 15/16
  7312 | D:6      | Found an opulent altar of Gozag.
  7392 | D:6      | Noticed a boulder beetle
  7402 | D:6      | Found a glowing silver altar of Zin.
  7403 | D:6      | Found a blossoming altar of Fedhas.
  7403 | D:6      | Found a hazy altar of Hepliaklqana.
  7403 | D:6      | Found a white marble altar of Elyvilon.
  7418 | D:6      | Killed a boulder beetle
  7626 | D:6      | Found a stormy altar of Qazlal.
  7626 | D:6      | Noticed Blork the orc
  7629 | D:6      | Killed Blork the orc
  7674 | D:6      | Found an iron altar of Okawaru.
  7674 | D:6      | Noticed Maggie
  7685 | D:6      | Killed Maggie
  7812 | D:6      | Found a hide-covered altar of Uskayaw.
  7971 | D:6      | Noticed a manticore
  8118 | D:6      | Reached XP level 10. HP: 56/56 MP: 18/19
  8140 | D:6      | Reached skill level 5 in Shields
  8351 | D:6      | Killed a manticore
  9492 | D:8      | Noticed Psyche
  9607 | D:8      | Killed Psyche
  9699 | D:8      | Noticed an orange demon
  9702 | D:8      | Noticed Amaemon
  9710 | D:8      | Killed an orange demon
  9726 | D:8      | Killed Amaemon
  9727 | D:8      | Reached skill level 10 in Earth Magic
 10197 | D:8      | Noticed a cyclops
 10389 | D:8      | Killed a cyclops
 10390 | D:8      | Reached skill level 5 in Fighting
 10390 | D:8      | Reached XP level 11. HP: 63/63 MP: 21/22
 10811 | D:9      | Reached skill level 5 in Maces & Flails
 11044 | D:9      | Found Uliss's Magic Scroll Shop.
 11542 | D:10     | Entered Level 10 of the Dungeon
 12208 | D:10     | Noticed a two-headed ogre
 12212 | D:10     | Killed a two-headed ogre
 12271 | D:10     | Noticed a two-headed ogre
 12276 | D:10     | Killed a two-headed ogre
 12641 | D:10     | Reached skill level 10 in Conjurations
 12954 | Temple   | Entered the Ecumenical Temple
 13179 | Temple   | Became a worshipper of Cheibriados the Contemplative
 13411 | D:11     | Identified the +3 troll leather armour "Ojigh" {rElec
                  | Regen+}
 13440 | D:11     | Noticed an orc sorcerer
 13443 | D:11     | Killed an orc sorcerer
 13443 | D:11     | Noticed a boulder beetle
 13444 | D:11     | Reached skill level 1 in Armour
 13444 | D:11     | Reached skill level 1 in Invocations
 13473 | D:11     | Killed a boulder beetle
 13671 | D:11     | Noticed a manticore
 13680 | D:11     | Killed a manticore
 13683 | D:11     | Noticed a cyclops
 13693 | D:11     | Killed a cyclops
 13785 | D:11     | Noticed a deep elf pyromancer
 13788 | D:11     | Killed a deep elf pyromancer
 13789 | D:11     | Reached XP level 12. HP: 70/70 MP: 23/24
 13861 | D:11     | Noticed a boulder beetle
 13873 | D:11     | Killed a boulder beetle
 13945 | D:11     | Noticed a boulder beetle
 13961 | D:11     | Killed a boulder beetle
 13962 | D:11     | Reached skill level 5 in Armour
 13962 | D:11     | Reached skill level 5 in Invocations
 14140 | D:11     | Noticed an ettin
 14147 | D:11     | Killed an ettin
 14212 | D:11     | Noticed a centaur warrior
 14214 | D:11     | Noticed a two-headed ogre
 14216 | D:11     | Killed a centaur warrior
 14218 | D:11     | Noticed an ogre mage
 14222 | D:11     | Killed a two-headed ogre
 14223 | D:11     | Paralysed by something for 2 turns
 14244 | D:11     | Killed an ogre mage
 14269 | D:11     | Reached * piety under Cheibriados
 14324 | D:11     | Noticed a fire dragon
 14327 | D:11     | Noticed a tengu warrior
 15015 | D:10     | Killed a fire dragon
 15211 | D:11     | Reached ** piety under Cheibriados
 15212 | D:11     | Found a staircase to the Orcish Mines.
 15527 | D:11     | Noticed Erolcha
 15671 | D:10     | Killed Erolcha
 16068 | D:10     | Killed a tengu warrior
 16375 | D:11     | Reached XP level 13. HP: 74/74 MP: 15/25
 16768 | D:11     | Reached skill level 1 in Evocations
 16841 | D:11     | Learned a level 5 spell: Borgnjor's Vile Clutch
 16888 | D:11     | Identified the staff of poison "Dosmuptu" {Drain rPois
                  | Dex+3 SInv}
 17189 | D:11     | Found a staircase to the Lair.
 17480 | D:12     | Reached skill level 1 in Necromancy
 17515 | D:12     | Found a transporter.
 17518 | D:12     | Found a transporter.
 17552 | D:12     | Noticed Uvvog's ghost (journeyman GnNe)
 17615 | D:12     | Noticed Gastronok
 17623 | D:12     | Killed Gastronok
 17975 | D:12     | Noticed Maurice
 17984 | D:12     | Killed Maurice
 18150 | D:12     | Noticed Josephine
 18155 | D:12     | Killed Josephine
 18218 | D:12     | Noticed Azrael
 18223 | D:12     | Reached *** piety under Cheibriados
 18751 | D:13     | Killed Azrael
 19491 | D:13     | Reached **** piety under Cheibriados
 19782 | D:13     | Identified a scroll of acquirement
 19782 | D:13     | Acquired the +0 pair of fencer's gloves {Riposte Dex+3}
 19782 | D:13     | Found the +0 pair of fencer's gloves {Riposte Dex+3}
 20435 | D:13     | Gained mutation: Your large and strong wings let you fly.
                  | [Gargoyle growth]
 20435 | D:13     | Reached XP level 14. HP: 72/80 MP: 21/27
 20714 | D:13     | Reached ***** piety under Cheibriados
 21261 | Lair:1   | Entered Level 1 of the Lair of Beasts
 21264 | Lair:1   | Reached skill level 10 in Invocations
 22370 | Lair:1   | Found a hide-covered altar of Uskayaw.
 23231 | Lair:2   | Found an ornate altar of the Wu Jian Council.
 23647 | Lair:3   | Found a staircase to the Shoals.
 23651 | Lair:3   | Found a gate leading to a gauntlet.
 23660 | Gauntlet | Entered a Gauntlet
 23660 | Gauntlet | Found a transporter.
 23660 | Gauntlet | Found a transporter.
 23665 | Gauntlet | Found a runed translucent door.
 23669 | Gauntlet | Found a transporter.
 23682 | Gauntlet | Found a transporter.
 23683 | Gauntlet | Found the ring of the Octopus King
 23702 | Gauntlet | Found a transporter.
 23702 | Gauntlet | Found a transporter.
 23704 | Gauntlet | Found a transporter.
 23707 | Gauntlet | Found a transporter.
 23707 | Gauntlet | Found a transporter.
 23712 | Gauntlet | Noticed a cacodemon
 23721 | Gauntlet | Found a transporter.
 23737 | Gauntlet | Found a transporter.
 23747 | Gauntlet | Found a transporter.
 23764 | Gauntlet | Found a transporter.
 23780 | Gauntlet | Found a transporter.
 23840 | Gauntlet | Reached XP level 15. HP: 90/90 MP: 21/28
 23940 | Gauntlet | Reached skill level 10 in Spellcasting
 23947 | Gauntlet | Identified the amulet of Qociv {Regen+ Str+5 Int+3}
 23964 | Gauntlet | Learned a level 4 spell: Petrify
 24181 | Lair:3   | Found a hole to the Spider Nest.
 25612 | Lair:5   | Entered Level 5 of the Lair of Beasts
 26343 | Lair:5   | Reached ****** piety under Cheibriados
 26369 | Lair:5   | Reached XP level 16. HP: 97/97 MP: 14/30
 26663 | Lair:5   | Reached skill level 10 in Fighting
 26735 | Lair:5   | Found a staircase to the Slime Pits.
 26770 | Lair:5   | Found a viscous altar of Jiyva.
 26777 | Lair:5   | Acquired 461 gold pieces
 27429 | Lair:5   | Identified the +2 ring mail of Distant Worlds {rCorr}
 27643 | Orc:1    | Entered Level 1 of the Orcish Mines
 27646 | Orc:1    | Noticed Erica
 27658 | D:11     | Killed Erica
 27659 | D:11     | Reached skill level 10 in Maces & Flails
 27724 | Orc:1    | Found a bloodstained altar of Trog.
 27751 | Orc:1    | Noticed Harold
 27764 | Orc:1    | Killed Harold
 28179 | Orc:2    | Entered Level 2 of the Orcish Mines
 28410 | Orc:2    | Noticed Saint Roka
 28414 | Orc:2    | Noticed Jorgrun
 28567 | Orc:2    | Found Royc His's Distillery.
 28585 | Orc:2    | Bought a potion of magic for 96 gold pieces
 29299 | Orc:1    | Learned a level 2 spell: Blink
 29761 | Orc:2    | Found Xoumm's General Store.
 29769 | Orc:2    | Bought a scroll of enchant armour for 112 gold pieces
 29860 | Orc:2    | Noticed Nessos
 29866 | Orc:2    | Killed Nessos
 29996 | Orc:2    | Killed Jorgrun
 30197 | Orc:2    | Found Sahegann's Antique Armour Shop.
 30408 | Orc:2    | Found Tagazed's Book Shoppe.
 30427 | Orc:2    | Bought a book of Blasting for 560 gold pieces
 30432 | Orc:2    | Learned a level 4 spell: Iskenderun's Mystic Blast
 30507 | Orc:2    | Found Usoyhax's Antique Weapon Emporium.
 30531 | Orc:2    | Killed Saint Roka
 30666 | Orc:2    | Found a staircase to the Elven Halls.
 31203 | D:14     | Found a gate to the Vaults.
 31212 | D:14     | Reached skill level 1 in Translocations
 31972 | D:14     | Found a burning altar of Makhleb.
 32068 | D:14     | Reached XP level 17. HP: 77/104 MP: 32/32
 32521 | D:15     | Entered Level 15 of the Dungeon
 32896 | D:15     | Found a white marble altar of Elyvilon.
 33758 | D:15     | Found a staircase to the Depths.
 34353 | Spider:1 | Entered Level 1 of the Spider Nest
 35082 | Spider:1 | You are sucked into a shaft and drop 1 floor!
 35084 | Spider:2 | Noticed Donald
 35092 | Spider:2 | Killed Donald
 35095 | Spider:2 | Noticed Arachne
 35112 | Spider:2 | Demolished by a jorogumo simulacrum

Illustrated notes

Levels and vault maps discovered:
D:1:      dpeg_arrival_tiny_i, layout_basic, serial_forest,
          infiniplex_forest_straight_5, infiniplex_forest_diagonal,
          infiniplex_forest_straight_2, infiniplex_forest_lined_2,
          infiniplex_forest_pool, infiniplex_forest_lined_corner,
          infiniplex_forest_clump_curved, infiniplex_forest_lined_room_,
          infiniplex_forest_straight_2, infiniplex_forest_clump_curved,
          minivault_26
D:2:      layout_loops_ring, serial_shops, shop, minmay_split_cup_small
D:3:      layout_basic, hellmonk_ecumenical_altar_slurped_away,
          nrook_loot_triangle
D:4:      layout_basic, minmay_temple_entry_purple_smoke
D:5:      layout_basic, nicolae_shop_fire_sale [nicolae_sub_dead_trees],
          uniq_eustachio, uniq_ijyb, uniq_pikel
D:6:      minmay_clustersquares, layout_loops_ring,
          grunt_temple_overflow_cloverleaf, kennysheep_little_box,
          chequers_temple_overflow_statue_of_worship, uniq_crazy_yiuf_cottage,
          uniq_edmund, uniq_maggie, uniq_blork_the_orc
D:7:      layout_rooms
D:8:      layout_basic, uniq_psyche, uniq_amaemon
D:9:      layout_roguey, serial_shops, kennysheep_mini, item_on_display_a
D:10:     layout_basic
D:11:     minmay_the_grid_3x3 [minmay_the_grid_doors, minmay_the_grid_large_cup,
          minmay_the_grid_tri_star, minmay_the_grid_paths,
          minmay_the_grid_square_x, minmay_the_grid_minigrid_medium,
          minmay_the_grid_box_x, minmay_the_grid_dragon_a,
          minmay_the_grid_prize_big_room], layout_rooms,
          erik_lair_orcish_takeover, chequers_jeans, uniq_erolcha
D:12:     layout_irregular_city, gammafunk_ghost_hive, uniq_josephine,
          uniq_gastronok, uniq_maurice, uniq_azrael
D:13:     layout_roguey
D:14:     layout_long_grid, lightli_vaults_fourway_checkpoint,
          dk_noncrumbling_3, nicolae_nh_vlads_tower
D:15:     gammafunk_enter_depths_forms, layout_layer_cave, elyvilon_altar_4,
          nicolae_lava_and_water
Temple:   nicolae_temple_figure_eight
Lair:1:   layout_chaotic_city, lemuel_altar_in_water2,
          infiniplex_staircase_pool_2, grunt_megastairs_1
Lair:2:   layout_cellular_growth, basic_altar, infiniplex_staircase_pool
Lair:3:   dreamdust_cave_troll, layout_misc_corridors, elwin_shoals_entry_rocks,
          spider_nest_entry_a, gauntlet_entry_generic, lemuel_fruit_tree
Lair:4:   layout_loops_ring, ldierk_geyser, serial_bayou_shore_a,
          grunt_megastairs_4
Lair:5:   grunt_lair_end_beastmaster, layout_misc_corridors,
          nicolae_slime_entry_field_trip, st_stairs_9, grunt_megastairs_2,
          serial_bayou_shore_b
Spider:1: layout_spider_delve
Spider:2: layout_spider_delve, nicolae_spider_world_wide_web, uniq_arachne,
          uniq_donald
Orc:1:    layout_caves, basic_altar, uniq_erica, uniq_harold, uniq_urug
Orc:2:    grunt_orc_gardens, layout_caves, grunt_orc_garden, grunt_orc_garden,
          grunt_orc_garden, grunt_orc_garden, basic_altar, serial_shops, shop,
          mines2_david, uniq_saint_roka, uniq_jorgrun, uniq_nessos

Skill      XL: |  1  2  3  4  5  6  7  8  9 10 11 12 13 14 15 16 17 |
---------------+----------------------------------------------------+-----
Fighting       | 1 2 3 5 6 9 11 | 11.8
Earth Magic    | 4 5 6 7 8 10 11 12 13 14 | 14.9
Spellcasting   | 3 4 5 6 7 8 9 10 11 12 | 12.2
Conjurations   | 2 5 6 7 9 10 11 12 13 | 13.5
Maces & Flails | 1 3 4 5 6 8 9 13 14 | 14.3
Shields        | 1 4 5 |  5.3
Armour         | 3 8 |  8.1
Invocations    | 3 8 9 10 11 | 11.4
Evocations     | 1 |  1.2
Necromancy     | 3 4 |  4.2
Translocations | 2 4 |  4.0
Dodging        | 3 |  3.5
Stealth        | |  2.1
Transmutations | |  0.7

Action                     |  1- 3 |  4- 6 |  7- 9 | 10-12 | 13-15 | 16-18 || total
---------------------------+-------+-------+-------+-------+-------+-------++-------
  Melee: Hand axe          |    24 |       |    48 |    19 |       |       ||    91
         Flail             |       |    48 |       |       |       |       ||    48
         Morningstar       |       |       |       |   131 |       |       ||   131
         Unarmed           |       |       |       |     5 |       |       ||     5
         Demon whip        |       |       |       |    36 |   305 |   551 ||   892
   Cast: Sandblast         |    57 |    34 |       |     2 |       |     1 ||    94
         Stone Arrow       |       |    27 |    76 |   252 |   194 |    98 ||   647
         Borgnjor's Vile C |       |       |       |       |    38 |    25 ||    63
         Petrify           |       |       |       |       |     1 |       ||     1
         Iskenderun's Myst |       |       |       |       |       |    38 ||    38
         Blink             |       |       |       |       |       |     2 ||     2
 Invoke: Slouch            |       |       |       |       |     1 |     4 ||     5
  Evoke: Wand              |       |       |       |     5 |     2 |    15 ||    22
         Phantom mirror    |       |       |       |     1 |       |       ||     1
         Condenser vane    |       |       |       |       |       |     1 ||     1
    Use: Scroll            |       |     7 |     4 |    19 |    18 |     8 ||    56
         Potion            |       |       |     4 |     4 |     5 |     4 ||    17
   Stab: Sleeping          |       |       |     2 |     2 |     2 |     5 ||    11
         Invisible         |       |       |     2 |       |       |     6 ||     8
         Distracted        |       |       |       |       |     1 |     2 ||     3
         Petrified         |       |       |       |       |     6 |     1 ||     7
         Confused          |       |       |       |       |       |     4 ||     4
 Armour: Robe              |    17 |    47 |    24 |       |       |       ||    88
         Steam dragon scal |       |       |     4 |   138 |       |       ||   142
         Skin              |       |       |       |     1 |     2 |       ||     3
         Troll leather arm |       |       |       |   123 |   256 |   300 ||   679
  Dodge: Dodged            |    35 |    45 |    36 |   190 |   217 |   276 ||   799
  Block: Buckler           |       |       |     6 |    83 |   130 |   166 ||   385
Riposte: Demon whip        |       |       |       |       |    50 |   102 ||   152
